 Dungeon Crawl Stone Soup version 0.15-b1-82-g4aef8f9 (webtiles) character file.

145035 N0Skill the Impregnable (level 16, -13/146 HPs)
             Began as a Deep Dwarf Fighter on Aug 15, 2014.
             Was a Believer of Elyvilon.
             Killed from afar by a deep elf annihilator (60 damage)
             ... with a crystal spear
             ... on Level 3 of the Elven Halls on Aug 16, 2014.
             The game lasted 05:53:42 (32713 turns).

N0Skill the Impregnable (Deep Dwarf Fighter)       Turns: 32713, Time: 05:53:42

HP -13/146       AC 26     Str 29      XL: 16   Next: 86%
MP   6/9         EV  8     Int 10      God: Elyvilon [**....]
Gold 2174        SH 15     Dex 12      Spells:  1 memorised, 13 levels left

rFire  + + .     SeeInvis +     I - +8 morningstar (freeze)
rCold  + . .     Clarity  .     D - +4 plate armour {rF+}
rNeg   + + .     rCorr    .     e - +2 shield {AC+3}
rPois  .         rRot     .     z - +2 hat of the Alchemist {rElec rF+ rC+ MR+}
rElec  +         Spirit   .     j - +0 cloak
SustAb .         Warding  +     u - +2 pair of gloves {Str+3}
rMut   .         Stasis   .     o - +0 pair of boots
Gourm  .                        m - amulet of warding
MR     +++..                    N - ring of see invisible
                                q - ring of magical power

@: corroded equipment, non-regenerating, drained, extremely resistant to hostile
enchantments, extremely unstealthy
A: damage resistance, recharge devices, negative energy resistance 1, sense
surroundings 2, slow healing 3
a: Device Recharging, Lesser Healing, Lesser Self-Healing, Divine Protection,
Purification, Renounce Religion


You were on level 3 of the Elven Halls.
You worshipped Elyvilon.
Elyvilon was pleased with you.
You were hungry.

You visited 8 branches of the dungeon, and saw 36 of its levels.
You also visited: Ossuary.

You collected 3408 gold pieces.
You spent 1176 gold pieces at shops.

Inventory:

Hand weapons
 I - a +8 morningstar of freezing (weapon)
Armour
 b - the +1 buckler of Fun and Games {Str+5 Dex+2}
   (You found it on level 3 of the Snake Pit)

   It affects your strength (+5).
   It affects your dexterity (+2).
 e - a +2 shield of protection (worn)
 j - a +0 cloak (worn)
 o - a +0 pair of boots (worn)
 u - a +2 pair of gloves of strength (worn)
 z - the +2 hat of the Alchemist (worn) {rElec rF+ rC+ MR+}
   (You found it on level 10 of the Dungeon)

   It protects you from fire.
   It protects you from cold.
   It insulates you from electricity.
   It affects your resistance to hostile enchantments.
 D - a +4 plate armour of fire resistance (worn)
Magical devices
 a - a wand of teleportation (2)
 d - a wand of heal wounds (0)
 r - a wand of flame (16)
 B - a wand of frost (2)
 G - a wand of polymorph (9)
 J - a wand of cold (2)
 K - a wand of disintegration (14)
 L - a wand of paralysis (7)
 P - a wand of fireball (1)
 T - a wand of lightning (7)
 U - a wand of teleportation (5)
 X - a wand of slowing (20)
Comestibles
 f - 5 bread rations
 i - 10 beef jerkies
 l - 12 royal jellies
 s - 9 slices of pizza
 v - 23 meat rations
Scrolls
 y - 8 scrolls of teleportation
 A - 11 scrolls of remove curse
 F - 2 scrolls of magic mapping
Jewellery
 m - an amulet of warding (around neck)
 q - a ring of magical power (left hand)
 t - an uncursed ring of flight
 w - a +3 ring of dexterity {unknown}
 x - an uncursed ring of teleport control {unknown}
 E - a +4 ring of evasion
 M - an uncursed amulet of clarity
 N - a ring of see invisible (right hand)
 S - the ring "Wioskotu" {rC+ Str+3 Stlth+, unknown}
   (You found it on level 2 of the Elven Halls)

   [ring of stealth]

   It affects your strength (+3).
   It protects you from cold.
   It makes you more stealthy.
 Z - an uncursed amulet of resist mutation
Potions
 c - 2 potions of resistance
 h - 2 potions of might
 k - 5 potions of restore abilities
 n - a potion of berserk rage
 p - 2 potions of curing
 C - 2 potions of cancellation
 O - 3 potions of haste
 Q - a potion of magic
 W - 3 potions of agility
Miscellaneous
 g - a sack of spiders
 H - a crystal ball of energy
 V - a box of beasts
 Y - a plain deck of wonders {drawn: 3}


   Skills:
 - Level 10.0(9.8) Fighting
   Level 2.0(1.8) Long Blades
   Level 6.5(10.1) Axes
 + Level 11.5(11.8) Maces & Flails
 - Level 21.4(21.2) Armour
 - Level 12.3(12.1) Shields
 - Level 1.6(1.5) Translocations
 - Level 10.4(10.2) Invocations
 - Level 11.0(10.9) Evocations


You had 13 spell levels left.
You knew the following spells:

 Your Spells              Type           Power        Failure   Level  Hunger
a - Blink                 Tloc           N/A          98%         2    ###....


Dungeon Overview and Level Annotations

Branches:
Dungeon (15/15)            Temple (1/1) D:6             Orc (4/4) D:11
    Elf (3/3) Orc:4          Lair (8/8) D:8           Swamp (1/5) Lair:5
  Snake (3/5) Lair:4        Slime (0/6) Lair:7       Vaults (0/5) D:14
 Depths (1/5) D:15

Altars:
Ashenzari
Dithmenos
Elyvilon
Fedhas
Kikubaaqudgha
Makhleb
Nemelex Xobeh
Vehumet
Xom
Zin
The Shining One
Beogh

Shops:
D:9 !   D:14 :   D:15 (   Orc:2 %   Orc:3 %   Orc:4 [?::   Elf:2 [

Portals:
Trove: D:13 (give +6 demon blade)


Innate Abilities, Weirdness & Mutations

You are resistant to damage.
You can recharge devices by infusing magical energy.
You resist negative energy.
You passively map the area around you.
You do not heal naturally.


Message History

You are feeling hungry.
You block the sixfirhy's attack. x2
The sixfirhy tries to attack you, but flinches away.
The hellwing gestures at you. You resist with almost no effort.
The deep elf high priest unwields an uncursed short sword.
The deep elf high priest wields an uncursed shortbow.
The deep elf high priest shoots an arrow.
You block the arrow. You block the sun demon's attack.
You see here an arrow.
You block the sixfirhy's attack.
The deep elf sorcerer casts a spell at you.
The bolt of acid misses you.
The sixfirhy tries to attack you, but flinches away.
The deep elf annihilator casts a spell.
The deep elf annihilator blinks!
You block the sixfirhy's attack. x2
The deep elf annihilator casts a spell at you.
The crystal spear hits you!
You die...

, , , #.#
#P......#.....
*, #.#
##......##.... ,
#.##
##.....###..# *
, * #..# #'#####
##'# ** ##.# ###
### #.# * * *
###.### * , * ,
, ##....[## ** ,
###...@...### *
, ,
,*#..e.344....#*
, , ,
#.....(.....# ,
, , ,*
#.....eee...#*,
,* ,,
#..*.e..*...# ,
* ,
#....*......#
,,, ,,
*#....(......# ,
,, ###...(.(.###
, , ,
,,##...(.## ,


You could see a deep elf master archer, a deep elf annihilator, a deep elf death
mage, a deep elf sorcerer, a sun demon, a deep elf high priest, a hellwing, a
sixfirhy and 3 lost souls.

Vanquished Creatures
  Saint Roka (Snake:3)
  Nikola (Depths:1)
  A fire giant (Depths:1)
  A stone giant (Orc:3)
  A deep elf demonologist (Elf:2)
  A large abomination (Elf:1)
  A deep elf annihilator (Elf:1)
  4 fire dragons
  A deep elf high priest (Elf:3)
  Fannar (Elf:1)
  A naga warrior (Snake:1)
  Harold (Orc:2)
  An ogre mage (D:15)
  7 hydras
  A rakshasa (D:15)
  5 centaur warriors
  A ravenous feature mimic (Lair:6)
  5 anacondas
  An alligator (Swamp:1)
  A tengu warrior (D:15)
  A deep troll earth mage (D:14)
  6 death yaks
  An orc high priest (Orc:3)
  Urug (Orc:2)
  A shock serpent (Snake:2)
  7 naga sharpshooters
  Nergalle (Orc:4)
  A catoblepas (Lair:4)
  A salamander mystic (Snake:1)
  3 unseen horrors
  8 deep elf knights
  6 deep elf summoners
  A deep troll (D:14)
  2 wizards (D:15)
  A swamp dragon (Swamp:1)
  Pikel (D:8)
  6 griffons
  2 naga ritualists
  7 ugly things
  10 deep elf conjurers
  2 lindwurms (Lair:8)
  The ghost of uri the Arsonist, an experienced DEFE of Vehumet (D:8)
  4 mana vipers
  9 hill giants
  A phantasmal warrior (D:14)
  3 cyclopes
  3 salamanders
  7 orc sorcerers
  4 elephants (Lair:7)
  3 manticores
  12 black mambas
  Joseph (D:7)
  4 naga magi
  A torpor snail (Lair:6)
  A gargoyle (D:12)
  A guardian serpent (Snake:3)
  An item mimic (Orc:4)
  A queen ant (Lair:1)
  A small abomination (Elf:2)
  9 spiny frogs
  7 fire drakes (Lair:8)
  6 komodo dragons
  A spiny frog (shapeshifter) (D:14)
  A queen bee (Lair:2)
  A freezing wraith (D:14)
  A hydra zombie (D:14)
  A jumping spider (Elf:1)
  9 deep elf priests
  The ghost of Christof the Shield-Bearer, an average MiFi (D:4)
  An efreet (D:13)
  Sonja (D:11)
  A polar bear (Lair:8)
  6 trolls
  2 wandering mushrooms (Lair:7)
  3 ravens (D:15)
  2 giant leeches (Lair:8)
  5 two-headed ogres
  6 slime creatures
  5 basilisks
  6 blink frogs
  A trapdoor spider (D:9)
  A vampire (D:15)
  38 yaks
  A wraith (D:15)
  6 redbacks
  19 deep elf magi
  A yak (shapeshifter) (D:14)
  3 shadows (D:14)
  3 tarantellas (Elf:1)
  2 wyverns
  A swamp worm (Lair:5)
  13 hippogriffs
  21 deep elf fighters
  A hill giant skeleton (D:9)
  4 steam dragons (Lair:8)
  3 vampire mosquitoes (D:13)
  2 mottled dragons
  14 nagas
  9 wolves
  5 wargs
  3 swamp drakes
  7 soldier ants
  A yellow wasp (D:14)
  5 phantoms
  8 porcupines
  2 black bears
  38 water moccasins
  A boggart (D:15)
  12 ice beasts
  19 orc warriors
  3 slaves (D:8)
  5 sky beasts
  A boring beetle (Lair:8)
  15 crocodiles
  A manticore skeleton (D:14)
  Duvessa (D:5)
  14 ogres
  18 centaurs
  7 big kobolds
  5 brain worms
  26 giant frogs
  3 cyclops zombies
  2 scorpions (D:8)
  3 eyes of draining
  31 killer bees
  12 wights
  An electric eel (Lair:7)
  10 lava snakes (Snake:1)
  5 crimson imps
  Dowan (D:5)
  2 quasits
  A goliath beetle (D:10)
  4 human zombies
  26 orc priests
  A centaur zombie (D:12)
  3 jellies
  18 iguanas
  11 hounds
  2 centaur skeletons
  A giant frog skeleton (D:11)
  A giant frog zombie (D:4)
  A basilisk skeleton (D:10)
  42 orc wizards
  15 worker ants
  A gnoll shaman (D:10)
  2 sheep (D:13)
  2 big kobold zombies
  6 orange rats
  Ijyb (D:2)
  2 ogre zombies (D:6)
  A naga zombie (Snake:3)
  3 mummies (Ossuary)
  A worker ant zombie (D:8)
  6 gnolls
  45 adders
  48 green rats
  6 shadow imps
  A giant mite (D:6)
  An inept item mimic (Orc:3)
  18 worms
  3 adder zombies
  An adder skeleton (D:4)
  8 giant geckos
  2 oozes
  188 orcs
  13 bats
  A giant cockroach (D:1)
  A gnoll zombie (Ossuary)
  18 hobgoblins
  14 jackals
  17 quokkas
  A ball python (D:3)
  5 giant newts
  2 giant spores
  23 goblins
  2 goblin zombies
  6 hobgoblin zombies (Ossuary)
  A jackal skeleton (D:8)
  8 jackal zombies (Ossuary)
  39 kobolds
  2 kobold skeletons
  4 kobold zombies (Ossuary)
  2 orc skeletons (D:7)
  13 orc zombies
  A quokka zombie (Ossuary)
  14 rats
  A rat skeleton (D:5)
  3 rat zombies (Ossuary)
  7 ballistomycetes
  2 plants
1321 creatures vanquished.

Vanquished Creatures (collateral kills)
  A cyclops (D:15)
  A kobold demonologist (D:15)
  3 slime creatures (D:15)
  2 boggarts (D:15)
7 creatures vanquished.

Vanquished Creatures (others)
  A deep elf mage (Elf:1)
  A water moccasin (Snake:3)
  A human (D:9)
  A crimson imp (D:8)
  3 worker ants
  An orange rat (Elf:3)
  An orc wizard (Orc:4)
  2 green rats (Lair:7)
  3 orcs
  A giant newt (D:6)
  A giant spore (Lair:7)
  A ballistomycete (Lair:7)
  3 fungi
  3 plants (Lair:8)
23 creatures vanquished.

Grand Total: 1351 creatures vanquished

Notes
Turn   | Place    | Note
--------------------------------------------------------------
     0 | D:1      | N0Skill, the Deep Dwarf Fighter, began the quest for the Orb.
     0 | D:1      | Reached XP level 1. HP: 20/20 MP: 1/1
   413 | D:1      | Reached XP level 2. HP: 25/28 MP: 2/2
   421 | D:1      | Reached skill level 1 in Evocations
  1175 | D:2      | Noticed Ijyb
  1196 | D:2      | Killed Ijyb
  1196 | D:2      | Reached XP level 3. HP: 25/34 MP: 2/4
  1273 | D:2      | Reached skill level 4 in Evocations
  1358 | D:2      | Reached XP level 4. HP: 21/42 MP: 6/6
  1464 | D:2      | Found a blossoming altar of Fedhas.
  1575 | D:3      | Found a glowing golden altar of the Shining One.
  1584 | D:3      | Became a worshipper of the Shining One
  1778 | D:3      | Reached skill level 5 in Armour
  1778 | D:3      | Reached XP level 5. HP: 31/49 MP: 8/8
  2100 | D:3      | Found a glowing silver altar of Zin.
  2101 | D:3      | Found an ancient bone altar of Kikubaaqudgha.
  2103 | D:3      | Found a sparkling altar of Nemelex Xobeh.
  2568 | D:4      | Found a sand-covered staircase.
  2574 | Ossuary  | Entered an ossuary
  2679 | Ossuary  | Reached skill level 5 in Shields
  2679 | Ossuary  | Reached XP level 6. HP: 38/56 MP: 9/9
  2681 | Ossuary  | Acquired the Shining One's first power
  2777 | Ossuary  | Reached skill level 1 in Axes
  2983 | D:4      | Noticed Christof's ghost (average MiFi)
  2995 | D:4      | Killed Christof's ghost
  2995 | D:4      | Reached skill level 5 in Axes
  2995 | D:4      | Reached XP level 7. HP: 62/62 MP: 10/10
  3530 | D:5      | Entered Level 5 of the Dungeon
  3582 | D:5      | Acquired the Shining One's second power
  3597 | D:5      | Reached skill level 6 in Axes
  3617 | D:5      | Noticed Dowan
  3619 | D:5      | Noticed Duvessa
  3647 | D:5      | Killed Dowan
  3673 | D:5      | Killed Duvessa
  4004 | D:5      | Reached XP level 8. HP: 51/69 MP: 12/12
  4531 | D:6      | Reached skill level 7 in Armour
  4914 | D:6      | Reached skill level 8 in Armour
  4964 | D:6      | Found a staircase to the Ecumenical Temple.
  4974 | D:6      | HP: 2/69 [centaur/wand of fire (13)]
  4980 | D:6      | HP: 1/69 [centaur/wand of fire (19)]
  5390 | D:7      | Reached skill level 9 in Armour
  5665 | D:7      | Noticed Joseph
  5690 | D:7      | Killed Joseph
  5690 | D:7      | Reached skill level 10 in Armour
  5690 | D:7      | Gained mutation: You passively map the area around you. [level up]
  5690 | D:7      | Reached XP level 9. HP: 25/75 MP: 12/12
  6017 | D:8      | Found a staircase to the Lair.
  6179 | D:8      | Noticed Pikel
  6201 | D:8      | Killed Pikel
  6210 | D:8      | Noticed uri's ghost (experienced DEFE)
  6220 | D:8      | Killed uri's ghost
  6320 | D:8      | Reached skill level 10 in Shields
  6320 | D:8      | Reached XP level 10. HP: 43/84 MP: 12/12
  6704 | D:9      | Found an ancient bone altar of Kikubaaqudgha.
  6790 | D:9      | Found Orghal's Distillery.
  6797 | D:9      | Bought a potion of heal wounds for 33 gold pieces
  6797 | D:9      | Bought a potion of berserk rage for 33 gold pieces
  6797 | D:9      | Bought a potion of curing for 22 gold pieces
  7033 | D:9      | Noticed a six-headed hydra
  7071 | D:10     | Entered Level 10 of the Dungeon
  7125 | D:10     | Noticed a five-headed hydra
  7126 | D:10     | Noticed a hill giant
  7378 | D:9      | Reached skill level 5 in Fighting
  8401 | D:10     | Killed a hill giant
  8422 | D:10     | Killed a five-headed hydra
  8843 | D:10     | Reached XP level 11. HP: 77/104 MP: 12/12
  9173 | D:10     | Noticed a hill giant
  9183 | D:10     | Killed a hill giant
  9329 | D:11     | Reached skill level 5 in Evocations
  9493 | D:11     | Noticed Sonja
  9512 | D:11     | Killed Sonja
  9560 | D:11     | Noticed an unseen horror
  9589 | D:11     | Killed an unseen horror
  9739 | D:11     | Found a staircase to the Orcish Mines.
  9754 | D:11     | Reached skill level 10 in Evocations
  9758 | D:11     | Reached skill level 1 in Invocations
  9850 | D:11     | Reached skill level 5 in Invocations
 10182 | D:12     | Found a white marble altar of Elyvilon.
 10190 | D:12     | Reached skill level 1 in Maces & Flails
 10206 | D:12     | Noticed a hill giant
 10234 | D:12     | Killed a hill giant
 10390 | D:12     | Noticed a centaur warrior
 10407 | D:12     | Killed a centaur warrior
 10407 | D:12     | Reached skill level 5 in Maces & Flails
 10559 | D:12     | Reached XP level 12. HP: 76/114 MP: 16/16
 10744 | D:12     | Noticed an unseen horror
 10752 | D:12     | Killed an unseen horror
 10766 | D:12     | Identified a scroll of acquirement
 10767 | D:12     | Got a pair of ancient gloves
 10779 | D:12     | Identified the +0 pair of gloves "Xaixil" {Str+2 Int-2} (You acquired it on level 12 of the Dungeon)
 11326 | D:13     | Noticed a three-headed hydra
 11335 | D:13     | Killed a three-headed hydra
 11637 | D:13     | Found a burning altar of Makhleb.
 11719 | D:13     | Found a portal to a secret trove of treasure.
 12408 | D:14     | Reached skill level 10 in Maces & Flails
 12588 | D:14     | Found a shimmering altar of Xom.
 12589 | D:14     | Found a shimmering altar of Xom.
 12589 | D:14     | Found a shimmering altar of Xom.
 12632 | D:14     | Reached skill level 11 in Armour
 12657 | D:14     | Found Phaulamu's Book Boutique.
 12742 | D:14     | Found a shimmering altar of Xom.
 12769 | D:14     | Noticed a centaur warrior
 12779 | D:14     | Killed a centaur warrior
 12877 | D:14     | Noticed a fire dragon
 12887 | D:14     | Killed a fire dragon
 12887 | D:14     | Reached skill level 12 in Armour
 12919 | D:14     | Found a gate to the Vaults.
 12966 | D:14     | Reached XP level 13. HP: 88/121 MP: 13/13
 13011 | D:14     | Noticed a deep troll earth mage
 13040 | D:14     | Killed a deep troll earth mage
 13061 | D:14     | Noticed a four-headed hydra
 13086 | D:14     | Killed a four-headed hydra
 13092 | D:14     | Reached skill level 13 in Armour
 13128 | D:14     | Noticed a fire giant
 13129 | D:14     | Noticed a fire giant
 13130 | D:14     | Noticed a fire giant
 13161 | D:14     | Noticed a deep troll earth mage
 13191 | D:14     | Noticed a fire dragon
 13217 | D:14     | Killed a fire dragon
 13674 | Orc:1    | Entered Level 1 of the Orcish Mines
 14023 | Orc:2    | Found Kluag's Food Emporium.
 14023 | Orc:2    | Noticed Urug
 14036 | Orc:2    | Killed Urug
 14069 | Orc:2    | Noticed Harold
 14088 | Orc:2    | Killed Harold
 14088 | Orc:2    | Reached skill level 14 in Armour
 14542 | Orc:3    | Found a roughly hewn altar of Beogh.
 14762 | Orc:3    | Noticed a stone giant
 14789 | Orc:3    | Killed a stone giant
 14867 | Orc:3    | Found Brail's Food Shop.
 15078 | Orc:4    | Entered Level 4 of the Orcish Mines
 15078 | Orc:4    | Noticed Nergalle
 15103 | Orc:4    | Killed Nergalle
 15254 | Orc:4    | Found a staircase to the Elven Halls.
 15641 | Orc:3    | Reached skill level 15 in Armour
 16607 | Orc:4    | Found Neitz's Book Shoppe.
 16607 | Orc:4    | Found Qish's Armour Emporium.
 16607 | Orc:4    | Found Nuon Lai's Magic Scroll Emporium.
 16661 | Orc:4    | Found Tupp's Book Shoppe.
 16696 | Orc:4    | Bought a scroll of identify for 24 gold pieces
 16696 | Orc:4    | Bought a scroll of enchant weapon for 90 gold pieces
 16727 | Orc:4    | Bought a +2 shield of protection for 279 gold pieces
 16727 | Orc:4    | Bought a +3 plate armour of fire resistance for 585 gold pieces
 17019 | Elf:1    | Entered Level 1 of the Elven Halls
 17019 | Elf:1    | Noticed Fannar
 17254 | Lair:1   | Entered Level 1 of the Lair of Beasts
 18332 | Lair:2   | Reached skill level 16 in Armour
 18726 | Lair:2   | Gained mutation: You resist negative energy. [level up]
 18726 | Lair:2   | Reached XP level 14. HP: 77/129 MP: 7/7
 19475 | Lair:3   | Acquired the Shining One's third power
 20034 | Lair:4   | Got a twisted halberd
 20035 | Lair:4   | Identified the +4 halberd of the Gloaming {flame, +Fly rN+ Str-1 Stlth-} (You found it on level 4 of the Lair of Beasts)
 20170 | Lair:4   | Gained mutation: You are partially covered in rugged brown scales (AC +1, +3% HP). [potion of beneficial mutation]
 20276 | Lair:4   | Found a staircase to the Snake Pit.
 21092 | Lair:5   | Found a frozen archway.
 21235 | Lair:5   | Found a staircase to the Swamp.
 21480 | Lair:5   | Lost mutation: You are partially covered in rugged brown scales (AC +1, +3% HP). [helix card]
 22653 | Lair:7   | Reached skill level 10 in Fighting
 23178 | Lair:7   | Found a staircase to the Slime Pits.
 23305 | Lair:8   | Entered Level 8 of the Lair of Beasts
 23391 | Lair:8   | Reached skill level 17 in Armour
 23963 | Lair:8   | Reached XP level 15. HP: 87/138 MP: 8/8
 24190 | Lair:8   | Reached skill level 18 in Armour
 24694 | Snake:1  | Entered Level 1 of the Snake Pit
 24839 | Snake:1  | Acquired the Shining One's fourth power
 25486 | Snake:1  | Reached skill level 19 in Armour
 26795 | Snake:3  | Noticed Saint Roka
 26851 | Snake:3  | Killed Saint Roka
 26851 | Snake:3  | Reached skill level 20 in Armour
 27049 | Snake:3  | Got a twisted buckler
 27223 | Swamp:1  | Entered Level 1 of the Swamp
 27480 | D:9      | Bought a potion of curing for 22 gold pieces
 27480 | D:9      | Bought a potion of curing for 22 gold pieces
 27480 | D:9      | Bought a potion of curing for 22 gold pieces
 27480 | D:9      | Bought 2 potions of curing for 44 gold pieces
 27734 | D:13     | Learned a level 2 spell: Blink
 27870 | D:15     | Entered Level 15 of the Dungeon
 27931 | D:15     | Reached skill level 1 in Translocations
 28151 | D:15     | Reached XP level 16. HP: 110/146 MP: 0/0
 28567 | D:15     | Found Erru's Antique Weapon Shoppe.
 28611 | D:15     | Found a shattered altar of Ashenzari.
 28738 | D:15     | Reached skill level 21 in Armour
 28776 | D:15     | Found a staircase to the Depths.
 28802 | Depths:1 | Entered Level 1 of the Depths
 28833 | Depths:1 | Noticed Nikola
 28869 | Depths:1 | Killed Nikola
 28874 | Depths:1 | Noticed a lich
 29024 | D:9      | Killed a 12-headed hydra
 29105 | Temple   | Entered the Ecumenical Temple
 29111 | Temple   | Fell from the grace of the Shining One
 29111 | Temple   | Became a worshipper of Elyvilon the Healer
 29111 | Temple   | Acquired Elyvilon's first power
 29111 | Temple   | Acquired Elyvilon's second power
 30181 | Elf:1    | Killed Fannar
 30674 | Elf:1    | Identified the +1 buckler of Fun and Games {Str+5 Dex+2} (You found it on level 3 of the Snake Pit)
 30804 | Elf:1    | Noticed a deep elf annihilator
 30811 | Elf:1    | Killed a deep elf annihilator
 30947 | Elf:1    | Reached skill level 10 in Invocations
 31545 | Elf:2    | Got a pitted brass ring
 31734 | Elf:2    | Found Ryepuk's Antique Armour Emporium.
 32384 | Elf:3    | Entered Level 3 of the Elven Halls
 32688 | Elf:3    | Noticed a deep elf master archer
 32713 | Elf:3    | Killed from afar by a deep elf annihilator

Action                   |  1- 3 |  4- 6 |  7- 9 | 10-12 | 13-15 | 16-18 || total
-------------------------+-------+-------+-------+-------+-------+-------++-------
Melee: Long sword        |    95 |   213 |       |       |       |       ||   308
       Hand axe          |    22 |   113 |   354 |       |       |       ||   489
       War axe           |       |       |   165 |   107 |       |       ||   272
       Morningstar       |       |       |       |   908 |  2141 |   545 ||  3594
Invok: Divine Shield     |       |       |     2 |    18 |    19 |     3 ||    42
       Lesser Self-Heali |       |       |       |       |       |    58 ||    58
       Summon Divine War |       |       |       |       |       |     1 ||     1
 Abil: Device Recharging |       |     1 |     3 |     9 |    16 |       ||    29
Evoke: Wand              |     3 |     6 |    12 |    52 |    95 |     7 ||   175
       Deck              |       |       |       |       |     3 |       ||     3
  Use: Scroll            |     5 |     4 |     9 |    17 |    26 |     6 ||    67
       Potion            |       |     5 |    16 |     7 |    23 |     4 ||    55
  Eat: Chunk             |     1 |     5 |     1 |    10 |    24 |     4 ||    45
       Bread ration      |       |     1 |     2 |     2 |     3 |     3 ||    11
       Fruit             |       |       |       |     7 |    20 |     2 ||    29
       Meat ration       |       |       |       |       |       |     1 ||     1
